← All builds
Suicide front / Armada / Economy first / OBSERVED BUILD

Mace bot assault

Bot Lab into an early Mace-led T1 bot assault by 2:07, pushing into the middle and sometimes into the enemy base, well ahead of the role's usual army composition.

Usually 2 mex, then lab (66%)

#rush #push · 63 distinct matches · 13 players · 3% of Armada Suicide front games · team won 53% of 64 · Recently observed

THE CATCH, AND WHAT COMES WITH IT
  • MaceT1 bot assault from 2:07 · 12% of role by thenFrom the Bot Lab. Only 12% of Suicide front games have it by then; others who build it get it around 1:53
  • MaceMace in 94%5% of all Suicide front games by then
  • CenturionCenturion in 42%13% of all Suicide front games by then

Where those units first fight, in 64 games with kill data: in the middle 98%.

Those units destroy a typical 3,275 metal of enemy units by 15:00.

Then transitions into blitz (11% of army).

HOW TO PLAY IT

Key timing: Mace by 2:10

  1. Open Bot Lab immediately with mex spread as usual.
  2. Push Mace assault out earlier than the role's normal pace.
  3. Lead with Mace to push middle and pressure the enemy base.
  4. Mix in Centurion for anti-swarm support on the push.
  5. Keep heavy Mace numbers flowing as your main bot ball.

Phase by phase

TYPICAL OF ITS 63 GAMES · AGAINST STANDARD SUICIDE FRONT
  1. 1
  2. 2
  3. 3
  4. 4
PLAY THE OPENING

Follow the example game's first 6:00 step by step: what to build now, what comes next, and where it goes. At 1× it keeps pace with your own game.

  1. 1

    Up to the Bot Lab

    Economy
    • Metal Extractor2Mex
    Order
    1. Bot LabBot Lab after 2 mexdone ~0:50, middle half 0:34–0:58

    Some games also: Sentry (50%)

    By 0:34 in all: 2 mex

    The example game in this phase · 2 steps
    1. Mex ×2
    2. Bot LabBot Labdone 0:35 · typical 0:50
  2. 2

    Bot Lab to T1 bot assault

    Economy
    • Metal Extractor2Mex
    Order
    1. MaceT1 bot assault after 4 mex
    Builders
    • Construction Bot2 Con bot
    • Lazarus2 Lazarus
    Army
    • Sentry1 Sentry
    • Centurion1 Centurion
    Other
    • Radar Tower1 Radar Tower

    Some games also: solar (41%) · wind (36%)

    By 2:07 in all: 4 mex

    The example game in this phase · 8 steps
    1. LazarusLazarus
    2. SentrySentry
    3. CenturionCenturion
    4. Solar
    5. LazarusLazarus
    6. Construction BotCon bot ×2
    7. Mex ×2
    8. MaceMacedone 2:04
  3. 3

    T1 bot assault to 5:00

    Economy
    • Metal Extractor2Mex
    • Wind Turbine6Wind+3 vs standard
    Builders
    • Construction Turret1 Con turret
    • Lazarus1 Lazarus
    • Construction Bot1 Con bot
    Army
    • Sentry2 Sentry
    • Mace11 Mace +11 vs standard

    Some games also: Beamer (44%) · centurion (31%)

    The standard build makes here, this one skips: 16 rocketeer

    By 5:00 in all: 5 mex · 7 wind (standard 5) · 1 con turret

    The example game in this phase · 34 steps
    1. Con turret
    2. MaceMace
    3. Mex
    4. MaceMace
    5. SentrySentry
    6. MaceMace
    7. SentrySentry
    8. MaceMace
    9. LazarusLazarus
    10. Wind
    11. MaceMace
    12. Wind
    13. MaceMace
    14. Wind
    15. BeamerBeamer
    16. MaceMace
    17. Wind
    18. MaceMace
    19. Wind
    20. MaceMace
    21. Wind ×2
    22. BeamerBeamer
    23. Dragon's TeethDragon's Teeth
    24. LazarusLazarus
    25. Dragon's TeethDragon's Teeth
    26. Wind
    27. Con turret
    28. Wind
    29. MaceMace
    30. Wind
    31. MaceMace
    32. Con turret ×2
    33. MaceMace
    34. Wind
  4. 4

    5:00 to 10:00

    Economy
    • Metal Extractor1Mex
    • Wind Turbine19Wind
    Builders
    • Construction Turret2 Con turret
    • Lazarus4 Lazarus +2 vs standard
    Army
    • Mace18 Mace +18 vs standard

    Some games also: centurion (39%) · Sentry (36%) · Radar Tower (34%) · Beamer (33%)

    The standard build makes here, this one skips: 8 rocketeer

    By 10:00 in all: 6 mex · 25 wind · 3 con turret

    The example game in this phase · 180 steps
    1. OverwatchOverwatch
    2. Wind
    3. MaceMace
    4. Wind ×2
    5. MaceMace
    6. Wind
    7. LazarusLazarus
    8. Wind
    9. Dragon's TeethDragon's Teeth ×2
    10. MaceMace
    11. Wind
    12. MaceMace
    13. Wind ×2
    14. MaceMace
    15. Wind
    16. MaceMace
    17. Con turret
    18. MaceMace
    19. Wind
    20. BeamerBeamer
    21. LazarusLazarus
    22. Wind
    23. MaceMace
    24. Wind
    25. LazarusLazarus
    26. Wind
    27. LazarusLazarus
    28. Wind ×2
    29. AmputatorAmputator
    30. Wind ×4
    31. Construction BotCon bot
    32. Mex
    33. Con turret
    34. Wind ×4
    35. Construction BotCon bot
    36. Wind ×8
    37. Con turret
    38. Wind
    39. Con turret
    40. Wind ×4
    41. Con turret
    42. BeamerBeamer
    43. Wind ×2
    44. Construction BotCon bot
    45. Wind ×11
    46. Con turret
    47. Wind
    48. Sneaky PeteSneaky Pete
    49. Wind ×4
    50. BeamerBeamer
    51. Wind
    52. Con turret
    53. Wind
    54. Advanced Metal ExtractorT2 mexdone 10:18
    55. Wind
    56. Advanced Metal ExtractorT2 mex
    57. Wind
    58. Converter ×2
    59. Wind
    60. Radar TowerRadar Tower
    61. Wind ×2
    62. Converter
    63. Wind
    64. Converter
    65. Wind
    66. Converter
    67. Advanced Metal ExtractorT2 mex
    68. Wind ×2
    69. Converter
    70. Vehicle PlantVehicle Plantdone 11:09
    71. Wind ×3
    72. Converter
    73. Wind ×2
    74. Converter
    75. Wind
    76. Converter
    77. Vehicle PlantVehicle Plantdone 11:30
    78. Wind
    79. Converter
    80. BlitzBlitz
    81. Converter
    82. Wind
    83. Converter
    84. Wind
    85. Converter
    86. RoverScout
    87. BlitzBlitz
    88. RoverScout
    89. Converter ×2
    90. Wind
    91. BlitzBlitz
    92. RoverScout ×2
    93. BlitzBlitz
    94. Converter
    95. BlitzBlitz
    96. Wind
    97. RoverScout
    98. BlitzBlitz
    99. Wind
    100. RoverScout
    101. Wind
    102. BlitzBlitz
    103. Wind
    104. RoverScout
    105. Converter
    106. Wind
    107. BlitzBlitz
    108. RoverScout
    109. Converter
    110. BlitzBlitz
    111. RoverScout
    112. Wind
    113. BlitzBlitz
    114. RoverScout
    115. Wind
    116. BlitzBlitz
    117. RoverScout
    118. Wind ×2
    119. BlitzBlitz
    120. RoverScout
    121. Wind ×2
    122. BlitzBlitz
    123. RoverScout
    124. Wind
    125. Converter
    126. Wind
    127. BlitzBlitz
    128. RoverScout
    129. Wind ×2
    130. BlitzBlitz
    131. Wind
    132. Converter
    133. RoverScout
    134. Wind ×2
    135. BlitzBlitz
    136. Wind
    137. RoverScout
    138. Wind
    139. BlitzBlitz ×2
    140. Wind
    141. BlitzBlitz ×2
    142. Wind ×3
    143. Converter
    144. BlitzBlitz
    145. Wind ×2
    146. BlitzBlitz
    147. Wind
    148. Mex
    149. Construction VehicleCon vehicle
    150. Wind ×2
    151. Construction VehicleCon vehicle
    152. BlitzBlitz
    153. Wind
    154. BlitzBlitz ×2
    155. Wind ×2
    156. BlitzBlitz
    157. Advanced Metal ExtractorT2 mex
    158. BlitzBlitz
    159. Construction VehicleCon vehicle ×2
    160. Wind ×2
    161. BlitzBlitz ×4
    162. Converter
    163. Wind
    164. BlitzBlitz ×3
    165. Converter
    166. Con turret
    167. Wind
    168. BlitzBlitz
    169. Wind
    170. BlitzBlitz ×2
    171. Converter
    172. BlitzBlitz ×4
    173. Wind
    174. Converter
    175. BlitzBlitz
    176. Wind
    177. Advanced Radar TowerAdvanced Radar Tower
    178. BlitzBlitz
    179. Wind
    180. Converter ×2

Counts are medians over the build's games: half of them build more, half fewer. The example game is [crd]sisa's (44 OS, 07/09/2026); pick another.

Team trades

IN AT LEAST 30% OF ITS GAMES

You hand over

Nothing regular.

You get

  • Tidal Generator4 Tidal from Pondfirst at 0:11 · in 67% of games
  • Advanced Construction Bot1 T2 con bot from Tech or Geofirst at 8:27 · in 50% of games

How it plays out

Typical game of this build against the role’s standard build, running totals by minute

  • This build
  • Standard suicide front

Metal produced

010k20k30k
0:005:0010:0015:00

metal

Enemy metal destroyed

05k10k15k
0:005:0010:0015:00

metal

Own metal lost

05k10k15k
0:005:0010:0015:00

metal

64 games.

Show as table
ByMetal produced: This buildMetal produced: Standard suicide frontEnemy metal destroyed: This buildEnemy metal destroyed: Standard suicide frontOwn metal lost: This buildOwn metal lost: Standard suicide front
1:003112260000
2:0097588931000
3:0020562056292172166106
4:0030543161840660598486
5:00419642361707141312231020
6:00547554302672232719631785
7:00657066614273317933392732
8:00763379104991403542693631
9:00876892985818481649674516
10:0010216106886895542659145336
11:0011567122418080589870186080
12:0013140140248591651781226842
13:0014674160429642701394067523
14:001642117969106587680104498336
15:001850120297111738302112869228
WHAT THE NUMBERS SAY

Dealt noticeably more damage than the standard build for slightly higher losses, but team win rate came in a bit lower.

  • + Enemy metal destroyed above standard at every checkpoint (11209 vs 8172 by 15:00).
  • + Mace timing at 2:10 is far ahead of the role's usual pace.
  • − Team win rate 52% versus standard's 58%.
  • − Metal produced trails standard by 15:00 (18386 vs 19882).
THE EXAMPLE YOU ARE READING

[crd]sisa

43.9 OS · 07/09/2026

Open source match ↗

5 received units · includes a constructor
103 metal received · 10098 energy received

Allied construction assistance is unknown. Timings are observations, not a promise of solo reproducibility.

Typical milestones

Bot Lab0:50Middle 50%: 0:34–0:58 · n=64
Advanced Metal Extractor10:25Middle 50%: 9:01–11:20 · n=45

Played most by

[crd]sisa47games of this buildHorlof5games of this build_X_2games of this build[Cookie]Maco1game of this build[Fx]Doo1game of this build